 Dungeon Crawl Stone Soup version 0.26.1-11-gd32895ea62 (webtiles) character file.

Game seed: 9192342230880957479

29 Zeld the Sneak (level 3, 0/24 HPs)
             Began as an Octopode Brigand on May 14, 2021.
             Killed from afar by Natasha (11 damage)
             ... with a puff of flame
             ... on level 2 of the Dungeon.
             The game lasted 00:01:02 (1422 turns).

Zeld the Sneak (Octopode Brigand)                   Turns: 1422, Time: 00:01:02

Health: 0/24       AC:  1    Str: 11    XL:     3   Next: 16%
Magic:  4/4        EV: 13    Int: 13    God:
Gold:   94         SH:  0    Dex: 13    Spells: 4/4 levels left

rFire    . . .     SeeInvis .   a - +2 dagger
rCold    . . .     Faith    .   (no shield)
rNeg     . . .     Spirit   .   (helmet restricted)
rPois    .         Reflect  .   (no amulet)
rElec    .         Harm     .   (no ring)
rCorr    .         Rampage  .   (no ring)
Will     .....                  (no ring)
Stlth    ++++......             (no ring)
HPRegen  0.08/turn              (no ring)
MPRegen  0.09/turn              (no ring)
                                (no ring)
                                (no ring)

@: slowed, very slow
A: almost no armour, stealthy swim, amphibious, 8 rings, constrict 8, camouflage
1, gelatinous body 1
a: no special abilities


You were on level 2 of the Dungeon.
You visited 1 branch of the dungeon, and saw 2 of its levels.

You collected 94 gold pieces.

Inventory:

Hand Weapons
 a - a +2 dagger (weapon)
Missiles
 b - 7 poisoned darts (quivered)
 c - 2 curare-tipped darts
 h - 3 atropa-tipped darts
Jewellery
 g - an uncursed ring of willpower {unknown}
Scrolls
 d - a scroll of fog {unknown}
 i - a scroll of identify {unknown}
Potions
 e - a potion of curing {unknown}
 f - a potion of lignification {unknown}


   Skills:
 - Level 2.0 Fighting
 - Level 2.5 Short Blades
 * Level 2.6 Throwing
 - Level 1.0 Dodging
 - Level 5.3 Stealth
 + Level 1.2 Spellcasting


You had 4 spell levels left.
You didn't know any spells.
Your spell library was empty.

Dungeon Overview and Level Annotations

Branches:
Dungeon (2/15)

Altars:
Uskayaw

Annotations:
D:2 Natasha, Terence


Innate Abilities, Weirdness & Mutations

You cannot wear most types of armour.
You are very stealthy in the water. (Stealth+)
You are amphibious.
You can wear up to eight rings at the same time.
You can use your tentacles to constrict eight enemies at once.
Your skin changes colour to match your surroundings (Stealth+).
Your rubbery body absorbs attacks. (AC +1, EV +1)


Message History

There are monsters nearby!
There are monsters nearby!
A quokka comes into view.
Found 14 gold pieces.
There are monsters nearby!
Natasha claws you!
Found a plate armour.
Natasha zaps a wand.
The puff of flame misses you.
Natasha stares at you and mumbles some strange words.
You feel yourself slow down.
Natasha wildly gestures.
You feel disoriented. Natasha casts a spell at you. The magic dart hits you.
Throw: 8 darts (poison)
Press: ? - help, Q - select action, (/) - cycle Shift-Dir - straight line, f - Natasha
Aim: Natasha, carrying a wand of flame (6) (51% to hit)
You throw a poisoned dart. The poisoned dart hits Natasha.
Natasha is poisoned.
Natasha zaps a wand.
The puff of flame hits you!
You die...

#....####.... ###
#............ #.#
#..........#. #.#
#............ ## #.#
#......b...## #. #.#
#$.....r..... #. #.#
#....h.....# #. #<##
#####.###### ##. #..#
#@######## ...
####.#########.....?...
...
##......................
..$
##...............###.###.
.#. .........).......###
# ...
..................... .#.
###.####...........[.. ##
#.....##..........#### #
.......#.........## #


You could see Natasha (poisoned), a quokka and a bat.

Vanquished Creatures
  An adder (D:2)
  A leopard gecko (D:1)
  A giant cockroach (D:1)
  4 goblins
  A hobgoblin (D:1)
  3 jackals (D:1)
  2 frilled lizards
  3 kobolds
  2 rats
18 creatures vanquished.

Notes
Turn   | Place    | Note
-------+----------+-------------------------------------------
     0 | D:1      | Zeld the Octopode Brigand began the quest for the Orb.
     0 | D:1      | Reached XP level 1. HP: 14/14 MP: 1/1
   722 | D:1      | Reached XP level 2. HP: 19/19 MP: 2/2
   875 | D:2      | Reached skill level 1 in Spellcasting
   894 | D:2      | Reached XP level 3. HP: 18/24 MP: 4/4
   983 | D:2      | Noticed Terence
  1396 | D:2      | Found a hide-covered altar of Uskayaw.
  1415 | D:2      | Noticed Natasha
  1422 | D:2      | Killed from afar by Natasha

Illustrated notes

Levels and vault maps discovered:
D:1:      tarquinn_simple_flora_water_c, layout_loops_ring
D:2:      minmay_angry_zag, layout_rooms, old_standard_altar,
          minmay_misc_feat_x, kennysheep_generic_room_8, uniq_natasha,
          uniq_terence, uniq_crazy_yiuf_cottage

Skill      XL: |  1  2 |
---------------+-------+-----
Spellcasting   | 1 |  1.2
Fighting       | |  2.0
Short Blades   | |  2.5
Throwing       | |  2.6
Dodging        | |  1.0
Stealth        | |  5.3

Action                   || total
-------------------------++-------
Melee: Dagger            ||    40
       Constrict         ||    12
       Tentacles         ||     2
Throw: Dart              ||     1
 Stab: Sleeping          ||     3
Armor: Skin              ||     4
Dodge: Dodged            ||    42
